General information
- name: BNet
- type: Ladder team game (AT/RT)
- host: Battle.net
- saver: WothanaR
map: Deathknell
- players: 8
- length: 40:51
- speed: Fast
- version: 1.26 W3XP
- replay type: Public
» download(242 KB)
Players
team 1 (loser)
pwcartoon (
blue | 54 APM | 1430 actions | 26:36)
4 Keeper of the Grove
1 Force of Nature
2 Thorns Aura
1 Entangling Roots
2 Priestess of the Moon
1 Trueshot Aura
1 Searing Arrows
» actions
| Assign group hotkey | 28 | |
| Basic commands | 4 | |
| Build / train | 56 | |
| ESC pressed | 2 | |
| Enter build submenu | 16 | |
| Enter hero's abilities submenu | 7 | |
| Give item / drop item | 1 | |
| Right click | 610 | |
| Select / deselect | 320 | |
| Select group hotkey | 304 | |
| Use ability | 82 | |
1430 total
» units
| Wisp | 13 | |
| Huntress | 7 | |
| Dryad | 5 | |
| Druid of the Claw | 5 | |
30 total
» upgrades
| Strength of the Moon | 1 | |
| Strength of the Wild | 3 | |
| Reinforced Hides | 2 | |
| Abolish Magic | 1 | |
| Druid of the Claw Training | 2 | |
9 total
» buildings
| Altar of Elders | 1 | |
| Moon Well | 7 | |
| Hunter's Hall | 1 | |
| Ancient of War | 2 | |
| Tree of Ages | 2 | |
| Ancient of Lore | 2 | |
| Tree of Eternity | 3 | |
| Ancient of Wonders | 1 | |
| Tree of Life | 1 | |
20 total
» build order
00:05 Altar of Elders
00:17 Moon Well
01:43 Hunter's Hall
01:46 Ancient of War
01:58 Ancient of War
02:12 Moon Well
03:11 Moon Well
05:31 Tree of Ages
07:06 Moon Well
07:12 Moon Well
08:15 Ancient of Lore
09:03 Tree of Eternity
09:03 Tree of Eternity
10:37 Ancient of Wonders
10:43 Moon Well
11:33 Ancient of Lore
12:51 Moon Well
15:55 Tree of Life
» items
| Scroll of Town Portal | 2 | |
| Potion of Healing | 1 | |
3 total
LionAndCubs (
teal | 54 APM | 2209 actions | 40:48)
8 Pit Lord
3 Howl of Terror
3 Rain of Fire
1 Doom
1 Cleaving Attack
» actions
| Assign group hotkey | 53 | |
| Basic commands | 48 | |
| Build / train | 75 | |
| Enter build submenu | 30 | |
| Enter hero's abilities submenu | 8 | |
| Give item / drop item | 2 | |
| Remove unit from queue | 1 | |
| Right click | 765 | |
| Select / deselect | 338 | |
| Select group hotkey | 730 | |
| Use ability | 159 | |
2209 total
» units
| Acolyte | 15 | |
| Ghoul | 4 | |
| Crypt Fiend | 3 | |
| Gargoyle | 4 | |
| Goblin Shredder | 1 | |
| Frost Wyrm | 7 | |
34 total
» upgrades
| Creature Attack | 3 | |
| Creature Carapace | 3 | |
| Freezing Breath | 1 | |
| Burrow | 1 | |
8 total
» buildings
| Graveyard | 1 | |
| Crypt | 2 | |
| Altar of Darkness | 1 | |
| Ziggurat | 20 | |
| Tomb of Relics | 1 | |
| Nerubian Tower | 1 | |
| Spirit Tower | 9 | |
| Halls of the Dead | 3 | |
| Necropolis | 4 | |
| Black Citadel | 1 | |
| Sacrificial Pit | 1 | |
| Boneyard | 2 | |
46 total
» build order
00:06 Graveyard
00:10 Crypt
00:41 Altar of Darkness
00:59 Ziggurat
01:23 Tomb of Relics
02:05 Ziggurat
02:30 Nerubian Tower
03:11 Spirit Tower
04:46 Ziggurat
05:15 Ziggurat
05:18 Ziggurat
05:38 Ziggurat
06:28 Halls of the Dead
06:29 Halls of the Dead
06:59 Crypt
07:01 Ziggurat
07:03 Ziggurat
07:56 Spirit Tower
07:59 Necropolis
08:18 Spirit Tower
08:22 Ziggurat
08:22 Ziggurat
08:32 Ziggurat
08:33 Ziggurat
08:34 Ziggurat
09:23 Spirit Tower
09:47 Spirit Tower
10:10 Black Citadel
10:36 Ziggurat
10:37 Ziggurat
10:38 Ziggurat
11:37 Spirit Tower
12:58 Sacrificial Pit
13:51 Boneyard
13:52 Boneyard
14:23 Necropolis
14:55 Spirit Tower
15:07 Ziggurat
15:26 Halls of the Dead
16:08 Spirit Tower
19:34 Ziggurat
19:34 Ziggurat
19:35 Ziggurat
21:18 Spirit Tower
22:45 Necropolis
29:39 Necropolis
» items
| Rod of Necromancy | 1 | |
| Sacrificial Skull | 1 | |
| Scroll of Town Portal | 3 | |
| Orb of Corruption | 1 | |
| Potion of Healing | 2 | |
| Potion of Mana | 1 | |
9 total
RolfDiggler (
red | 50 APM | 2036 actions | 40:48)
8 Archmage
3 Summon Water Elemental
3 Brilliance Aura
1 Mass Teleport
1 Blizzard
» actions
| Assign group hotkey | 49 | |
| Basic commands | 211 | |
| Build / train | 87 | |
| Enter build submenu | 76 | |
| Enter hero's abilities submenu | 8 | |
| Remove unit from queue | 2 | |
| Right click | 720 | |
| Select / deselect | 514 | |
| Select group hotkey | 219 | |
| Use ability | 150 | |
2036 total
» units
| Peasant | 20 | |
| Footman | 4 | |
| Goblin Shredder | 4 | |
| Gryphon Rider | 4 | |
32 total
» upgrades
| Masonry | 3 | |
| Storm Hammers | 1 | |
| Swords | 3 | |
| Armor | 3 | |
| Animal War Training | 1 | |
| Cloud | 1 | |
| Magic Sentry | 1 | |
13 total
» buildings
| Altar of Kings | 1 | |
| Barracks | 1 | |
| Farm | 12 | |
| Arcane Vault | 1 | |
| Keep | 1 | |
| Lumber Mill | 2 | |
| Scout Tower | 53 | |
| Guard Tower | 15 | |
| Town Hall | 6 | |
| Castle | 1 | |
| Gryphon Aviary | 4 | |
| Blacksmith | 2 | |
| Arcane Sanctum | 1 | |
100 total
» build order
00:36 Altar of Kings
00:37 Barracks
00:50 Farm
00:53 Farm
01:06 Farm
02:00 Farm
03:20 Arcane Vault
03:42 Keep
03:49 Lumber Mill
03:57 Lumber Mill
04:10 Scout Tower
04:11 Scout Tower
04:13 Scout Tower
04:17 Scout Tower
04:54 Guard Tower
06:20 Town Hall
06:22 Scout Tower
06:22 Scout Tower
06:23 Scout Tower
06:24 Scout Tower
07:53 Guard Tower
09:04 Town Hall
09:09 Scout Tower
09:09 Scout Tower
09:10 Scout Tower
09:32 Scout Tower
09:44 Guard Tower
09:45 Guard Tower
10:06 Guard Tower
10:57 Castle
10:59 Gryphon Aviary
11:00 Gryphon Aviary
11:06 Gryphon Aviary
11:06 Gryphon Aviary
11:33 Scout Tower
11:34 Scout Tower
11:34 Scout Tower
11:36 Scout Tower
11:38 Scout Tower
11:45 Scout Tower
11:46 Scout Tower
11:46 Scout Tower
11:48 Scout Tower
11:55 Farm
12:00 Town Hall
12:05 Scout Tower
12:06 Scout Tower
12:06 Scout Tower
12:08 Scout Tower
12:08 Scout Tower
12:08 Scout Tower
12:22 Guard Tower
12:24 Guard Tower
12:29 Guard Tower
12:59 Guard Tower
13:22 Guard Tower
14:15 Blacksmith
14:17 Blacksmith
14:30 Guard Tower
15:45 Farm
15:46 Farm
18:25 Town Hall
18:28 Scout Tower
18:28 Scout Tower
18:28 Scout Tower
18:29 Scout Tower
18:29 Scout Tower
18:29 Scout Tower
18:30 Scout Tower
18:30 Scout Tower
20:26 Farm
20:26 Farm
20:30 Farm
20:31 Farm
21:26 Guard Tower
24:38 Scout Tower
24:39 Scout Tower
24:41 Scout Tower
24:41 Scout Tower
24:41 Scout Tower
24:42 Scout Tower
24:42 Scout Tower
24:43 Scout Tower
24:44 Scout Tower
24:44 Scout Tower
24:45 Scout Tower
24:45 Scout Tower
25:15 Guard Tower
26:12 Guard Tower
26:13 Guard Tower
28:05 Farm
30:52 Town Hall
35:05 Town Hall
35:36 Arcane Sanctum
35:45 Scout Tower
35:48 Scout Tower
36:00 Scout Tower
36:05 Scout Tower
36:05 Scout Tower
» items
| Scroll of Regeneration | 9 | |
| Mechanical Critter | 2 | |
| Potion of Healing | 2 | |
| Scroll of Town Portal | 1 | |
14 total
GeneralOverton (
green | 14 APM | 566 actions | 40:48)
1 Mountain King
1 Storm Bolt
» actions
| Assign group hotkey | 14 | |
| Basic commands | 8 | |
| Build / train | 39 | |
| ESC pressed | 4 | |
| Enter build submenu | 14 | |
| Enter hero's abilities submenu | 1 | |
| Right click | 143 | |
| Select / deselect | 251 | |
| Select group hotkey | 41 | |
| Use ability | 50 | |
566 total
» units
» upgrades
» buildings
| Barracks | 2 | |
| Altar of Kings | 1 | |
| Farm | 9 | |
| Scout Tower | 11 | |
| Arcane Tower | 1 | |
| Lumber Mill | 1 | |
| Guard Tower | 2 | |
| Keep | 1 | |
28 total
» build order
00:15 Barracks
00:20 Altar of Kings
00:35 Farm
00:36 Farm
01:16 Farm
02:01 Scout Tower
02:27 Barracks
02:43 Arcane Tower
03:11 Farm
03:12 Farm
03:18 Farm
03:19 Farm
03:24 Farm
03:25 Farm
04:23 Scout Tower
04:25 Scout Tower
04:30 Lumber Mill
05:14 Guard Tower
10:09 Keep
10:36 Scout Tower
10:36 Scout Tower
10:38 Scout Tower
10:41 Scout Tower
10:42 Scout Tower
10:45 Scout Tower
10:48 Scout Tower
10:50 Scout Tower
11:10 Guard Tower
team 2 (winner)

»
Su. (
purple | 81 APM | 2223 actions | 27:24)
4 Mountain King
2 Storm Bolt
2 Thunder Clap
5 Paladin
3 Holy Light
1 Divine Shield
1 Devotion Aura
» actions
| Assign group hotkey | 21 | |
| Build / train | 117 | |
| Enter build submenu | 39 | |
| Enter hero's abilities submenu | 9 | |
| Give item / drop item | 3 | |
| Remove unit from queue | 8 | |
| Right click | 956 | |
| Select / deselect | 371 | |
| Select group hotkey | 583 | |
| Use ability | 115 | |
2223 total
» units
| Peasant | 18 | |
| Rifleman | 10 | |
| Mortar Team | 7 | |
| Goblin Shredder | 1 | |
| Siege Engine | 2 | |
| Priest | 3 | |
| Flying Machine | 8 | |
49 total
» upgrades
| Gunpowder | 3 | |
| Lumber Harvesting | 1 | |
| Masonry | 3 | |
| Armor | 2 | |
| Fragmentation Shards | 1 | |
| Flare | 1 | |
| Barrage | 1 | |
| Priest Training | 2 | |
| Flak Cannons | 1 | |
15 total
» buildings
| Farm | 11 | |
| Blacksmith | 1 | |
| Altar of Kings | 1 | |
| Barracks | 1 | |
| Lumber Mill | 1 | |
| Keep | 1 | |
| Scout Tower | 12 | |
| Guard Tower | 11 | |
| Arcane Tower | 1 | |
| Workshop | 3 | |
| Arcane Vault | 2 | |
| Town Hall | 2 | |
| Castle | 1 | |
| Arcane Sanctum | 2 | |
50 total
» build order
00:24 Farm
00:37 Blacksmith
00:53 Altar of Kings
01:03 Farm
01:19 Barracks
01:47 Farm
02:37 Lumber Mill
04:07 Keep
04:23 Scout Tower
04:59 Scout Tower
05:00 Guard Tower
05:02 Farm
06:35 Arcane Tower
06:50 Farm
06:57 Workshop
07:29 Arcane Vault
08:40 Town Hall
08:50 Scout Tower
09:39 Guard Tower
09:43 Scout Tower
10:15 Guard Tower
10:17 Scout Tower
10:34 Farm
11:15 Scout Tower
11:48 Guard Tower
12:02 Guard Tower
12:43 Castle
12:51 Scout Tower
13:36 Guard Tower
13:40 Scout Tower
13:47 Farm
14:14 Guard Tower
14:16 Scout Tower
14:22 Farm
14:37 Farm
14:47 Scout Tower
14:48 Guard Tower
15:40 Guard Tower
15:42 Scout Tower
15:46 Farm
15:51 Farm
16:12 Guard Tower
16:15 Scout Tower
16:34 Arcane Sanctum
16:39 Arcane Sanctum
17:24 Guard Tower
17:26 Arcane Vault
19:59 Workshop
20:43 Workshop
22:14 Town Hall
» items
| Scroll of Regeneration | 4 | |
| Lesser Clarity Potion | 5 | |
| Scroll of Town Portal | 3 | |
| Potion of Healing | 4 | |
| Orb of Fire | 2 | |
| Potion of Mana | 2 | |
20 total

»
sneeze (
yellow | 51 APM | 1534 actions | 30:01)
5 Priestess of the Moon
3 Searing Arrows
2 Trueshot Aura
1 Keeper of the Grove
1 Entangling Roots
» actions
| Assign group hotkey | 382 | |
| Basic commands | 61 | |
| Build / train | 88 | |
| ESC pressed | 6 | |
| Enter build submenu | 13 | |
| Enter hero's abilities submenu | 6 | |
| Give item / drop item | 1 | |
| Right click | 408 | |
| Select / deselect | 280 | |
| Select group hotkey | 223 | |
| Use ability | 66 | |
1534 total
» units
| Wisp | 20 | |
| Archer | 11 | |
| Druid of the Claw | 9 | |
| Goblin Zeppelin | 1 | |
| Dryad | 21 | |
62 total
» upgrades
| Strength of the Moon | 1 | |
| Strength of the Wild | 3 | |
| Druid of the Claw Training | 2 | |
| Mark of the Claw | 1 | |
| Abolish Magic | 1 | |
| Reinforced Hides | 1 | |
9 total
» buildings
| Moon Well | 10 | |
| Altar of Elders | 1 | |
| Ancient of War | 1 | |
| Hunter's Hall | 1 | |
| Ancient of Wonders | 1 | |
| Ancient Protector | 2 | |
| Tree of Ages | 1 | |
| Ancient of Lore | 2 | |
| Tree of Eternity | 1 | |
| Tree of Life | 1 | |
21 total
» build order
00:25 Moon Well
00:38 Altar of Elders
00:47 Ancient of War
01:55 Moon Well
01:56 Moon Well
01:57 Moon Well
03:57 Hunter's Hall
04:31 Ancient of Wonders
05:12 Ancient Protector
05:21 Ancient Protector
06:56 Tree of Ages
09:41 Ancient of Lore
09:42 Ancient of Lore
11:03 Tree of Eternity
14:06 Moon Well
14:08 Moon Well
14:09 Moon Well
14:10 Moon Well
15:15 Moon Well
15:16 Moon Well
21:06 Tree of Life
» items
| Lesser Clarity Potion | 2 | |
| Scroll of Town Portal | 2 | |
| Orb of Venom | 1 | |
5 total
WothanaR (
pink | 80 APM | 3270 actions | 40:51)
7 Blademaster
3 Wind Walk
3 Critical Strike
1 Bladestorm
» actions
| Assign group hotkey | 65 | |
| Basic commands | 300 | |
| Build / train | 130 | |
| ESC pressed | 17 | |
| Enter build submenu | 39 | |
| Enter hero's abilities submenu | 7 | |
| Give item / drop item | 8 | |
| Right click | 1281 | |
| Select / deselect | 361 | |
| Select group hotkey | 893 | |
| Use ability | 169 | |
3270 total
» units
| Peon | 20 | |
| Grunt | 6 | |
| Raider | 5 | |
| Goblin Shredder | 3 | |
| Goblin Sapper | 3 | |
| Wind Rider | 3 | |
| Demolisher | 2 | |
| Troll Batrider | 1 | |
43 total
» upgrades
| Pillage | 1 | |
| Armor | 3 | |
| Berserker Strength | 1 | |
| Melee Weapons | 3 | |
| Ensnare | 1 | |
| Reinforced Defenses | 1 | |
| War Drums Damage Increase | 1 | |
| Backpack | 1 | |
| Berserker Upgrade | 1 | |
| Troll Regeneration | 2 | |
| Ranged Weapons | 3 | |
| Spiked Barricades | 3 | |
| Envenomed Spears | 1 | |
| Liquid Fire | 1 | |
| Burning Oil | 1 | |
24 total
» buildings
| Altar of Storms | 1 | |
| Barracks | 2 | |
| Orc Burrow | 5 | |
| Voodoo Lounge | 1 | |
| Stronghold | 5 | |
| War Mill | 1 | |
| Beastiary | 4 | |
| Fortress | 3 | |
| Great Hall | 5 | |
| Watch Tower | 18 | |
45 total
» build order
00:09 Altar of Storms
00:17 Barracks
00:40 Orc Burrow
01:42 Orc Burrow
02:07 Voodoo Lounge
03:15 Orc Burrow
03:58 Stronghold
03:58 Stronghold
03:58 Stronghold
04:19 Orc Burrow
04:46 War Mill
06:40 Beastiary
06:42 Beastiary
07:33 Fortress
07:33 Fortress
07:33 Fortress
08:16 Great Hall
13:23 Barracks
13:41 Watch Tower
13:51 Watch Tower
13:58 Orc Burrow
17:30 Great Hall
17:32 Watch Tower
17:32 Watch Tower
17:35 Watch Tower
17:35 Watch Tower
18:00 Beastiary
18:01 Beastiary
18:52 Watch Tower
18:53 Watch Tower
18:54 Watch Tower
18:55 Watch Tower
22:43 Great Hall
22:47 Watch Tower
22:48 Watch Tower
22:49 Watch Tower
22:50 Watch Tower
22:54 Watch Tower
22:55 Watch Tower
22:56 Watch Tower
22:57 Watch Tower
28:02 Stronghold
28:03 Stronghold
32:07 Great Hall
40:48 Great Hall
» items
| Healing Salve | 4 | |
| Scroll of Speed | 1 | |
| Orb of Lightning | 1 | |
| Scroll of Regeneration | 1 | |
| Lesser Clarity Potion | 3 | |
| Staff of Sanctuary | 1 | |
| Orb of Fire | 1 | |
| Orb of Venom | 1 | |
13 total
AFKER_BSER_TKER (
orange | 41 APM | 1204 actions | 29:37)
6 Priestess of the Moon
3 Searing Arrows
2 Trueshot Aura
1 Starfall
» actions
| Assign group hotkey | 20 | |
| Basic commands | 34 | |
| Build / train | 89 | |
| Enter build submenu | 17 | |
| Enter hero's abilities submenu | 6 | |
| Give item / drop item | 1 | |
| Right click | 477 | |
| Select / deselect | 346 | |
| Select group hotkey | 144 | |
| Use ability | 70 | |
1204 total
» units
| Wisp | 23 | |
| Archer | 27 | |
| Goblin Shredder | 2 | |
| Hippogryph | 7 | |
59 total
» upgrades
| Strength of the Wild | 2 | |
| Reinforced Hides | 3 | |
| Improved Bows | 1 | |
| Strength of the Moon | 2 | |
| Hippogryph Taming | 1 | |
| Nature's Blessing | 1 | |
| Moon Armor | 1 | |
| Marksmanship | 1 | |
12 total
» buildings
| Moon Well | 5 | |
| Ancient of War | 1 | |
| Altar of Elders | 1 | |
| Hunter's Hall | 1 | |
| Tree of Ages | 1 | |
| Ancient of Wonders | 2 | |
| Ancient of Wind | 2 | |
| Tree of Life | 1 | |
| Tree of Eternity | 1 | |
| Ancient Protector | 4 | |
| Chimaera Roost | 1 | |
20 total
» build order
00:07 Moon Well
00:35 Ancient of War
01:03 Altar of Elders
01:09 Moon Well
02:32 Moon Well
03:06 Hunter's Hall
05:00 Tree of Ages
05:03 Moon Well
07:12 Ancient of Wonders
07:40 Ancient of Wind
07:42 Ancient of Wind
11:06 Moon Well
11:22 Tree of Life
12:50 Tree of Eternity
13:59 Ancient Protector
14:00 Ancient Protector
14:02 Ancient Protector
15:40 Chimaera Roost
16:27 Ancient Protector
16:56 Ancient of Wonders
» items
| Scroll of Town Portal | 1 | |
| Potion of Healing | 3 | |
| Orb of Fire | 2 | |
| Scroll of Regeneration | 2 | |
| Healing Salve | 1 | |
9 total
Chat log
(00:11 / Allies) AFKER_BSER_TKER: rush
(00:19 / Allies) sneeze: sounds good
(00:24 / All) RolfDiggler: Lions and tigers and bears oh my!
(00:42 / All) AFKER_BSER_TKER: generalpieceofshitfagnerd
(00:52 / All) GeneralOverton: stfu oj
(00:57 / All) AFKER_BSER_TKER: bitch cunt
(01:01 / All) GeneralOverton: aint my fault u suck dick
(01:15 / All) AFKER_BSER_TKER: aint
(01:16 / All) AFKER_BSER_TKER: hahaha
(01:22 / All) AFKER_BSER_TKER: nigger cunt
(01:28 / All) GeneralOverton: hahaha
(01:35 / All) GeneralOverton: at least im not u
(02:37 / Allies) AFKER_BSER_TKER: ready
(02:56 / Allies) sneeze: same
(03:06 / Allies) Su.: meet where?
(03:38 / All) pwcartoon: tryna rush
(03:56 / All) AFKER_BSER_TKER: CUNT
(05:31 / All) LionAndCubs: reinforcements
(07:13 / All) LionAndCubs: wood
(07:14 / Allies) AFKER_BSER_TKER: regroup
(07:15 / Allies) AFKER_BSER_TKER: hit again
(09:24 / All) RolfDiggler: GREEN IS TK
(09:32 / All) AFKER_BSER_TKER: GREEN IS A NUTJOB
(09:47 / All) GeneralOverton: red is a greedy jew who needs 2 expos
(09:58 / All) AFKER_BSER_TKER: fuck off
(10:00 / All) AFKER_BSER_TKER: green
(10:05 / All) GeneralOverton: fuck off
(10:06 / All) GeneralOverton: oj
(10:09 / All) AFKER_BSER_TKER: noob cunt
(11:25 / All) AFKER_BSER_TKER: IDIOT GREEN HAHA
(11:26 / All) AFKER_BSER_TKER: NOOB
(11:59 / All) AFKER_BSER_TKER: HAHAHAH
(12:00 / All) AFKER_BSER_TKER: SO SAD
(12:03 / All) AFKER_BSER_TKER: LOL IDIOT
(13:17 / All) RolfDiggler: Green you're getting tked every game I get in with you
(13:29 / All) RolfDiggler: Attacking your ally is not a good way to get your way
(16:27 / All) GeneralOverton: who do yall think is gonna win a 3 vs 4 battle?
(16:29 / Allies) Su.: hit?
(16:37 / All) AFKER_BSER_TKER: stfu
(16:40 / All) AFKER_BSER_TKER: bitch
(16:56 / All) GeneralOverton: chick fl a is dope as shit
(17:05 / All) GeneralOverton: yall got aa?
(17:50 / All) GeneralOverton: lol
(17:54 / All) GeneralOverton: oj suck
(18:10 / All) AFKER_BSER_TKER: LOL UR AN IDIOT
(18:15 / All) AFKER_BSER_TKER: I SUCK AND UR THE FIRST ONE TO DIE
(18:19 / All) GeneralOverton: Lol you lost
(18:28 / All) AFKER_BSER_TKER: LOL UR A FAG AND GO KILL URSELF
(18:29 / All) AFKER_BSER_TKER: NIGGER
(18:32 / All) AFKER_BSER_TKER: ILL HANG YOU BITCH
(19:12 / All) pwcartoon: more like FFA
(19:55 / All) pwcartoon: RED HAS LIKE 5000 GOLD HE SUCKS DICK BAD
(20:16 / All) pwcartoon: NIGGA HAS LIKE 2 GRYPHONS N IT IS LIKE 30min INTO GAME WTF HE SUCKS DICK
(20:52 / All) pwcartoon: THESE 2 FAGS SUCK MAN U CUD JUS WIN EZ
(20:55 / All) LionAndCubs: lol
(20:57 / Allies) Su.: make aa guys
(20:58 / Allies) Su.: ffs
(21:01 / Allies) sneeze: dryads ffs
(21:11 / Allies) AFKER_BSER_TKER: pink has 8k gold
(21:14 / Allies) WothanaR: Yes I do
(21:25 / Allies) Su.: pink
(21:29 / Allies) sneeze: mass bats
(21:30 / Allies) AFKER_BSER_TKER: 9k
(21:33 / Allies) Su.: i did nothing on u
(21:35 / All) pwcartoon: both in THOUSANDS OF GOLD N FOOD COUNT IS LESS THAN HIGH UPKEEP
(21:38 / All) pwcartoon: WTF NOOBS MAN
(21:40 / Allies) Su.: pink
(21:44 / Allies) WothanaR: I'm not making more than 50 food of units
(21:44 / Allies) Su.: stop it
(21:52 / Allies) AFKER_BSER_TKER: hahahah
(21:52 / Allies) AFKER_BSER_TKER: cunt
(21:56 / Allies) WothanaR: I dislike humans
(21:57 / Allies) AFKER_BSER_TKER: fuck you
(21:58 / Allies) Su.: sigh*
(22:00 / Allies) WothanaR: GLORY TO THE HORDE!
(22:04 / Allies) Su.: whatever
(22:09 / Allies) WothanaR: And get the night elves out of my forest, the Horde needs lumber!
(22:17 / Allies) AFKER_BSER_TKER: fuck you
(22:18 / Allies) AFKER_BSER_TKER: pink
(22:20 / Allies) AFKER_BSER_TKER: asshat
(22:31 / Allies) WothanaR: Funny you complain about tking with that username
(22:34 / All) Su.: pink tk
(22:59 / All) WothanaR: He unplugged after I killed him
(23:20 / All) WothanaR: I like how orange keeps complaining about this despite his username, he's all bark and no bite
(23:23 / All) WothanaR: No TKer fury
(23:40 / All) AFKER_BSER_TKER: I LIKE HOW UR A FUCKING DUMBASS WHO NEEDS TO DIE
(23:48 / All) WothanaR: I'm sure you do
(23:50 / All) GeneralOverton: lol
(23:52 / All) GeneralOverton: oj stfu
(23:54 / All) WothanaR: It must pain you to be unable to do anything but watch
(24:04 / All) WothanaR: Shut your mouth green we killed you a couple games ago too
(24:09 / Allies) AFKER_BSER_TKER: rolf u idiot
(24:10 / Allies) AFKER_BSER_TKER: im playing
(24:16 / Allies) WothanaR: Wrong chat you idiot
(24:17 / All) GeneralOverton: k
(24:20 / All) GeneralOverton: not
(24:23 / All) GeneralOverton: u stfu
(24:26 / All) AFKER_BSER_TKER: GREEN STILL TALKING HAHAHA
(24:29 / All) AFKER_BSER_TKER: THAT NIGGER
(24:32 / All) AFKER_BSER_TKER: LYNCH THAT FOOL
(24:33 / All) pwcartoon: WATCH OUT TRAP
(24:33 / All) LionAndCubs: do u remember us green from the shredder game?
(24:34 / All) GeneralOverton: oj still talking hahahahah
(24:37 / All) pwcartoon: AT NEXT EXPO
(24:45 / All) WothanaR: I built a swastika out of cannon towers that game
(24:46 / All) GeneralOverton: dont know teal
(24:51 / All) GeneralOverton: lol
(24:59 / All) GeneralOverton: remember that shit hahah
(25:05 / All) GeneralOverton: fuck u guys
(25:11 / All) WothanaR: We're professional 4v4 RT stabbers
(25:16 / All) WothanaR: You should be grateful to play with us
(25:19 / Allies) Su.: all
(25:20 / All) WothanaR: Not all do get the chance, alas
(25:24 / All) GeneralOverton: pro dick suckers more like it
(25:29 / All) GeneralOverton: stfu
(25:35 / All) AFKER_BSER_TKER: NOOB GREEN
(25:36 / All) AFKER_BSER_TKER: FUCK OF
(25:37 / Allies) Su.: go
(25:40 / All) GeneralOverton: U guys got this
(25:40 / All) WothanaR: I'm sure you have some experience in recognising them
(25:44 / All) pwcartoon: DRYADS RAPE U GUYS
(25:45 / All) pwcartoon: WATCH
(25:46 / All) pwcartoon: NOO
(25:47 / All) pwcartoon: NOOB
(25:54 / All) pwcartoon: gg
(26:04 / Allies) AFKER_BSER_TKER: purple heal yellow
(26:18 / All) RolfDiggler: CHARGE
(26:54 / All) LionAndCubs: worms dont hurt dryads wtf
(26:59 / All) WothanaR: Magic damage
(27:00 / All) sneeze: noob
(27:41 / All) WothanaR: All dropping like the miserable flies they are
(29:32 / All) sneeze: lol fail pink is at 66 food now
(29:36 / All) AFKER_BSER_TKER: SAD LIFE NOOBS
(29:47 / All) WothanaR: not anymore turns out I didn't need it
(30:00 / All) sneeze: gg red & teal
(30:55 / All) WothanaR: Up to you two to give green the loss now
(31:22 / All) RolfDiggler: I'm just going to sit here and admire my lofty position
(31:25 / All) RolfDiggler: as king of the map
(31:26 / All) LionAndCubs: green u seirously dont remember the game we played ac ouple horus ago
(31:51 / All) LionAndCubs: i had an army of shredders, blue made letters out of towers
(31:58 / All) WothanaR: and I made a swastika
(31:59 / All) LionAndCubs: do u have a.d.d or something
(32:11 / All) LionAndCubs: lol
(32:16 / All) LionAndCubs: new charbroiled right here
(34:16 / All) RolfDiggler: I consider myself King of the map, what do you guys say?
(34:29 / All) RolfDiggler: Landazar, King of the Wizards, King of the Map, and commander and chief of the Magic Folk
(34:42 / All) LionAndCubs: ill giv eu control green
(36:57 / All) LionAndCubs: WTF
(37:04 / All) LionAndCubs: i didntknow u could cast doom on allyhs units
(40:48 / All) RolfDiggler: LANDAZAR!